Cogmind - Beta 12 @@@ ROGUE MODE // 2023.10.18 @ 08:06:52 Player: Fleshy Vegetable Bird Result: Destroyed by S-27 Virus with Autogun Performance ------------- Evolutions (3) 1500 Regions Visited (10) 2000 Robots Destroyed (80) 400 Value Destroyed (2170) 2170 Prototype IDs (17) 340 Alien Tech Used (0) 0 Bonus (621) 621 TOTAL SCORE: 7031 Bonus ------- Follower Combat Kills 21 Aligned with FarCom 300 Met Data Miner 300 Cogmind --------- Core Integrity 0/700 Matter 300/300 Energy 87/100 System Corruption 5% Temperature Cool (0) Movement Core (50) Location -6/Proximity Caves Parts ------- > --- POWER (1) -------- (None) > --- PROPULSION (3) --- (None) > --- UTILITY (7) ------ Advanced Targeting Computer Improved Melee Analysis Suite > --- WEAPON (2) ------- Axe > --- INVENTORY (5) ---- Reaction Control System Improved Light Armor Plating Gauss Rifle Greatsword Peak State ------------ > --- POWER ------------ Light Nuclear Core > --- PROPULSION ------- Airjet Airjet Aerolev Unit > --- UTILITY ---------- Large Storage Unit Signal Interpreter Advanced Targeting Computer Improved Melee Analysis Suite Microactuators Hacking Suite Sensor Drone Bay > --- WEAPON ----------- Axe Axe > --- INVENTORY -------- Advanced Weight Redist. System Microactuators Force Booster Force Booster Reaction Control System Improved Light Armor Plating Improved Light Armor Plating Heavy Particle Gun Latent Energy Streamer Gauss Rifle Gauss Rifle Rocket Array Axe Greatsword [Rating: 49] Favorites ----------- Power Heavy Ion Engine Engine Heavy Ion Engine Power Core Light Nuclear Core Propulsion Wheel Treads Armored Treads Leg Aluminum Leg Wheel Wheel Hover Unit Aerolev Unit Flight Unit VTOL Module Utility Large Storage Unit Device Microactuators Storage Large Storage Unit Processor Advanced Targeting Computer Hackware Hacking Suite Protection Improved Light Armor Plating Weapon Improved Light Cannon Energy Gun Medium Laser Energy Cannon Latent Energy Streamer Ballistic Gun Light Assault Rifle Ballistic Cannon Improved Light Cannon Launcher Rocket Launcher Special Weapon Enhanced Flamer Impact Weapon Heavy Flail Slashing Weapon Axe Build | -11 -10 -10 -10 -9 -8 -7 -7 -7 -7 -6 ------- Run | Jun Mat Min Exi Min Mat Fac Low Low Dat Pro Slots Evolved 6 | . . . . . 4 2 . . . . Power . | . . . . . . . . . . . Propulsion 1 | . . . . . . 1 . . . . Utility 5 | . . . . . 4 1 . . . . Weapon . | . . . . . . . . . . . Parts Attached 102 | 7 14 8 9 1 23 22 8 3 . 7 Power 9 | 1 2 1 . . 1 2 . 1 . 1 Engine 6 | 1 2 1 . . . . . 1 . 1 Core 3 | . . . . . 1 2 . . . . Reactor . | . . . . . . . . . . . Propulsion 23 | 3 5 2 . . 5 4 1 1 . 2 Treads 1 | . . . . . . . 1 . . . Leg 3 | . . . . . 3 . . . . . Wheel 13 | 3 5 2 . . 2 1 . . . . Hover 4 | . . . . . . 3 . 1 . . Flight 2 | . . . . . . . . . . 2 Utility 35 | 1 2 . 5 . 6 10 7 1 . 3 Device 20 | . 1 . 4 . 1 4 6 1 . 3 Storage 4 | 1 1 . 1 . . . 1 . . . Processor 6 | . . . . . 2 4 . . . . Hackware 2 | . . . . . 1 1 . . . . Protection 3 | . . . . . 2 1 . . . . Artifact . | . . . . . . . . . . . Weapon 35 | 2 5 5 4 1 11 6 . . . 1 Energy Gun 4 | 1 1 . 1 . . 1 . . . . Energy Cannon 1 | . . . 1 . . . . . . . Ballistic Gun 3 | 1 2 . . . . . . . . . Ballistic Cannon 11 | . 1 4 2 . 4 . . . . . Launcher 6 | . 1 1 . 1 2 1 . . . . Special Weapon 1 | . . . . . 1 . . . . . Impact Weapon 6 | . . . . . 4 2 . . . . Slashing Weapon 3 | . . . . . . 2 . . . 1 Piercing Weapon . | . . . . . . . . . . . Special Melee Weapon . | . . . . . . . . . . . Unidentified Prototypes 8 | . 1 . 4 . . 3 . . . . Corrupted Parts 1 | . . . . . 1 . . . . . System Corruption 2 | . . . . . 2 . . . . . Parts Lost 33 | . 3 1 . . 14 3 3 1 . 8 Power 7 | . 2 . . . 2 1 . 1 . 1 Propulsion 11 | . 1 . . . 4 2 2 . . 2 Utility 8 | . . . . . 3 . 1 . . 4 Weapon 7 | . . 1 . . 5 . . . . 1 Highest Loss Streak 10 | . 2 1 . . 10 1 3 1 . 5 To Critical Strikes . | . . . . . . . . . . . Average Slot Usage (%) 87 | . 93 100 98 100 74 94 89 84 92 62 Engine 5 | . 13 14 14 14 4 . . 2 7 2 Core 2 | . . . . . . 5 7 3 . . Leg 3 | . . . . . 8 6 . . . . Wheel 10 | . 27 28 28 28 8 3 . . . . Hover 4 | . . . . . . 10 13 8 15 7 Device 11 | . 8 14 13 14 5 11 19 23 23 9 Storage 9 | . 14 14 14 14 9 7 7 7 7 6 Processor 11 | . . . . . 7 23 18 15 15 15 Hackware 3 | . . . . . 4 3 7 7 7 4 Protection 3 | . . . . . 8 6 . . . . Ballistic Cannon 7 | . 3 23 27 21 8 . . . . . Launcher 1 | . 4 4 . 6 2 . . . . . Impact Weapon 5 | . . . . . 6 13 . . . . Slashing Weapon 3 | . . . . . . 1 15 15 15 11 Naked Turns . | . . . . . . . . . . . Heaviest Build 52 | 11 28 28 38 38 43 42 52 52 43 52 Greatest Support 26 | 26 20 20 10 10 20 24 24 24 24 24 Greatest Overweight (x) 10 | . 1 2 3 3 10 4 6 6 1 6 Average Overweight (x) 1 | . . 1 2 3 1 1 2 2 1 1 Largest Inventory Capacity 15 | 8 10 10 15 15 15 15 15 15 15 15 Average Capacity 13 | 7 8 10 11 15 15 15 15 15 15 14 Most Carried 15 | 6 10 10 12 13 15 15 15 15 14 15 Average Carried 12 | 2 7 9 10 12 13 13 14 14 14 11 Final Capacity 15 | 8 10 10 15 15 15 15 15 15 15 5 Final Carried 15 | 5 10 10 12 13 15 15 14 14 14 5 Class Distribution -------------------- 93% | Mutant 3% | Scavenger-Mutant Dominant Class ---------------- Mutant | -10/Materials Mutant | -10/Mines Mutant | -10/Exiles Mutant | -9/Mines Mutant | -8/Materials Mutant | -7/Factory Mutant | -7/Lower Caves Mutant | -7/Lower Caves Mutant | -7/Data Miner Mutant | -6/Proximity Caves Resources | -11 -10 -10 -10 -9 -8 -7 -7 -7 -7 -6 ----------- Run | Jun Mat Min Exi Min Mat Fac Low Low Dat Pro Matter Collected 2038 | 275 236 335 . 62 626 226 94 103 . 81 Remotely . | . . . . . . . . . . . Salvage Created 2512 | 125 451 96 . 12 836 523 117 23 . 329 Parts 108 | 8 25 2 . 6 30 17 6 2 . 12 Haulers Intercepted 5 | . 1 . . . 2 2 . . . . Recyclers Shooed 3 | . . . . 1 2 . . . . . Parts Field Recycled . | . . . . . . . . . . . Retrieved Matter . | . . . . . . . . . . . Parts Self-Destructed 28 | . . . . . . . 14 4 . 10 Prevented . | . . . . . . . . . . . Kills | -11 -10 -10 -10 -9 -8 -7 -7 -7 -7 -6 ------- Run | Jun Mat Min Exi Min Mat Fac Low Low Dat Pro Combat Hostiles Destroyed 58 | . 10 13 . 3 13 9 2 . . 8 Melee 18 | . . . . . 2 6 2 . . 8 Guns 10 | . 10 . . . . . . . . . Cannons 17 | . . 13 . . 4 . . . . . AOE 9 | . . . . 3 5 1 . . . . Classes Destroyed 15 | 2 5 1 . 1 4 1 . 1 . . Worker 8 | . . . . . 5 3 . . . . Builder 3 | . . . . 1 2 . . . . . Tunneler 5 | 3 . . . . . 2 . . . . Hauler 5 | . 1 . . . 2 2 . . . . Recycler 3 | 1 1 . . . 1 . . . . . Minesweeper 1 | . . . . . . . . 1 . . Operator 4 | . 2 . . . 1 1 . . . . Watcher 4 | . 1 . . . 3 . . . . . Swarmer 12 | . 5 . . 3 . . . . . 4 Grunt 18 | . 5 2 . . 7 3 . . . 1 Duelist 3 | . . . . . 1 . . . . 2 Sentry 6 | . . . . . 4 . 1 . . 1 Hunter 3 | . . . . . 1 2 . . . . Programmer 5 | . . . . . . 4 1 . . . Assembled 11 | . . 11 . . . . . . . . Best Kill Streak 11 | 3 5 11 . 4 9 2 1 1 . 5 Combat Bots Only 11 | . 5 11 . 3 6 1 1 . . 5 Max Kills in Single Turn 3 | 1 1 1 . 3 3 1 1 1 . 1 Gunslinging . | . . . . . . . . . . . Exploded 2 | . . . . 2 2 1 . . . . Melee 1 | . . . . . 1 1 1 . . 1 Uniques/NPCs Destroyed . | . . . . . . . . . . . Combat | -11 -10 -10 -10 -9 -8 -7 -7 -7 -7 -6 -------- Run | Jun Mat Min Exi Min Mat Fac Low Low Dat Pro Damage Taken 4498 | . 395 480 . 15 1761 557 238 104 . 948 Core 1341 | . 109 53 . . 479 119 21 23 . 537 Absorbed by Shields 220 | . 59 111 . 7 43 . . . . . Regen/Repaired (Parts) 23 | . . . . . 23 . . . . . Core Remaining (%) 49 | 100 . . . 35 12 . . . . . Volleys Fired 140 | 11 49 31 . 3 46 . . . . . Largest 2 | 2 2 2 . 1 2 . . . . . Hottest 101 | 70 70 78 . 33 101 . . . . . Shots Fired 242 | 22 90 59 . 3 68 . . . . . Gun 104 | 22 82 . . . . . . . . . Cannon 126 | . 8 59 . . 59 . . . . . Launcher 8 | . . . . 3 5 . . . . . Special 4 | . . . . . 4 . . . . . Kinetic 178 | 11 49 59 . . 59 . . . . . Thermal 56 | 11 41 . . . 4 . . . . . Explosive 5 | . . . . 3 2 . . . . . Electromagnetic 3 | . . . . . 3 . . . . . Robot Hit Streak 10 | 5 10 7 . . 6 . . . . . Robot Miss Streak 6 | 2 6 4 . . 4 . . . . . Penetration Max . | . . . . . . . . . . . Secondary Targets 1 | . 1 . . . . . . . . . Max Gunslinging Chain 1 | . 1 . . . . . . . . . Shots Hit Robots 241 | 12 55 33 . . 69 35 9 1 . 27 Core Hits 92 | 6 23 14 . 5 26 6 1 1 . 10 Critical Kills 4 | . . . . . 4 . . . . . Critical Parts Destroyed 18 | . . . . . 8 10 . . . . Critical Strikes 28 | . . 1 . . 15 11 . . . 1 Destroy 6 | . . . . . 6 . . . . . Blast 2 | . . 1 . . 1 . . . . . Smash 18 | . . . . . 8 10 . . . . Sever 2 | . . . . . . 1 . . . 1 Melee Attacks 174 | . . . . . 51 74 12 1 . 36 Impact 116 | . . . . . 51 65 . . . . Slashing 58 | . . . . . . 9 12 1 . 36 Piercing . | . . . . . . . . . . . Sneak Attacks 19 | . . . . . 9 9 . 1 . . Combat Hostiles . | . . . . . . . . . . . Follow-up Attacks 15 | . . . . . 1 7 2 . . 5 Damage Inflicted 8718 | 121 653 728 . 259 3216 2356 350 86 . 949 Guns 696 | 121 575 . . . . . . . . . Cannons 1473 | . 78 728 . . 667 . . . . . Explosions 884 | . . . . 259 625 . . . . . Melee 5622 | . . . . . 1881 2356 350 86 . 949 Ramming . | . . . . . . . . . . . Kinetic 1745 | 46 304 728 . . 667 . . . . . Thermal 516 | 75 349 . . . 92 . . . . . Explosive 591 | . . . . 259 332 . . . . . Electromagnetic 244 | . . . . . 244 . . . . . Impact 4137 | . . . . . 1881 2256 . . . . Slashing 1485 | . . . . . . 100 350 86 . 949 Piercing . | . . . . . . . . . . . Highest Corruption 5 | . . . . . 4 3 5 5 5 5 Average Corruption 3 | . . . . . 2 1 4 5 5 5 Corruption Purged . | . . . . . . . . . . . Corruption Blocked . | . . . . . . . . . . . Effects 87 | . . . . . 31 12 16 14 1 13 Message Errors 26 | . . . . . 12 3 4 4 . 3 Matter Fused 26 | . . . . . 8 3 8 2 1 4 Heat Flow Errors 8 | . . . . . 2 3 . 2 . 1 Energy Discharges 8 | . . . . . 2 1 2 3 . . Parts Rejected 1 | . . . . . . . . . . 1 Parts Fused 1 | . . . . . . . . . . 1 Data Loss (minor) 9 | . . . . . 3 1 1 3 . 1 Data Loss (major) 5 | . . . . . 2 . 1 . . 2 Misfires 1 | . . . . . 1 . . . . . Alerts 2 | . . . . . 1 1 . . . . Overload Shots . | . . . . . . . . . . . Overflow Damage 2152 | . . 15 . . 835 1203 35 . . 64 Projectiles 20 | . . 15 . . 5 . . . . . Explosions 12 | . . . . . 12 . . . . . Melee 2120 | . . . . . 818 1203 35 . . 64 Knockbacks 28 | . . 11 . . 11 6 . . . . Impact 11 | . . . . . 5 6 . . . . Kinetic 17 | . . 11 . . 6 . . . . . Secondary . | . . . . . . . . . . . Self-Inflicted Damage 119 | . . . . . 119 . . . . . Shots 5 | . . . . . 5 . . . . . Rammed . | . . . . . . . . . . . Targets Rammed . | . . . . . . . . . . . Kicked . | . . . . . . . . . . . Crushed . | . . . . . . . . . . . Highest Temperature 416 | 80 287 416 . . 252 305 . 269 . 207 Average Temperature 131 | 32 107 222 . . 105 114 . 127 . 109 Received Heat Transfer 1465 | . 185 214 . . 880 99 30 . . 57 Effects 15 | . 3 10 . . 2 . . . . . Shutdowns 2 | . . 2 . . . . . . . . Energy Bleed 1 | . . 1 . . . . . . . . Interference 7 | . 3 2 . . 2 . . . . . Short Circuit 1 | . . 1 . . . . . . . . Damage (minor) 1 | . . 1 . . . . . . . . Damage (major) 3 | . . 3 . . . . . . . . Siege Activations . | . . . . . . . . . . . Robots Corrupted . | . . . . . . . . . . . Combat Hostiles . | . . . . . . . . . . . Parts Fried 18 | . . . . . 7 11 . . . . Impact Corruptions 64 | . . . . . 32 32 . . . . Robots Melted . | . . . . . . . . . . . Combat Hostiles . | . . . . . . . . . . . Parts Melted . | . . . . . . . . . . . Heat Transferred 1628 | 222 1036 . . . 370 . . . . . Parts Sabotaged . | . . . . . . . . . . . Parts Stolen . | . . . . . . . . . . . Parts Stripped . | . . . . . . . . . . . Power Chain Reactions 1 | . . . . . 1 . . . . . Missiles Intercepted . | . . . . . . . . . . . Alert | -11 -10 -10 -10 -9 -8 -7 -7 -7 -7 -6 ------- Run | Jun Mat Min Exi Min Mat Fac Low Low Dat Pro Peak Influence 432 | 20 261 147 . 90 432 224 . . . . Initial 182 | . 13 36 . . 35 182 . . . . Average 136 | 8 163 40 . 42 220 92 . . . . Maximum Alert Level 2 | . 1 . . . 2 1 . . . . Low Security (%) 71 | 100 48 100 . 100 47 87 . . . . Level 1 22 | . 51 . . . 36 12 . . . . Level 2 6 | . . . . . 15 . . . . . Level 3 . | . . . . . . . . . . . Level 4 . | . . . . . . . . . . . Level 5 . | . . . . . . . . . . . High Security . | . . . . . . . . . . . Max Security . | . . . . . . . . . . . Squads Dispatched 12 | . 2 . . . 2 8 . . . . Investigation 2 | . . . . . . 2 . . . . Extermination 4 | . . . . . . 4 . . . . Reinforcement 6 | . 2 . . . 2 2 . . . . Assault . | . . . . . . . . . . . Garrison . | . . . . . . . . . . . Intercept . | . . . . . . . . . . . Searches Triggered . | . . . . . . . . . . . Construction Impeded 1 | . . . . . 1 . . . . . Haulers Reinforced 2 | . . . . . . 2 . . . . Active Scanning Responses . | . . . . . . . . . . . Cargo Convoy Interrupts . | . . . . . . . . . . . Stealth | -11 -10 -10 -10 -9 -8 -7 -7 -7 -7 -6 --------- Run | Jun Mat Min Exi Min Mat Fac Low Low Dat Pro Distress Signals 8 | . 3 . . . 5 . . . . . Communications Jammed . | . . . . . . . . . . . Distress Signals . | . . . . . . . . . . . Times Spotted 134 | . 20 23 . 2 45 16 2 1 . 25 Peak Tracking Total 7 | . 6 7 . 3 6 2 1 1 . 5 Tactical Retreats 18 | . . 1 . . 11 3 . . . 3 Traps | -11 -10 -10 -10 -9 -8 -7 -7 -7 -7 -6 ------- Run | Jun Mat Min Exi Min Mat Fac Low Low Dat Pro Traps Triggered 6 | . 1 . . . 2 3 . . . . Indirectly . | . . . . . . . . . . . Trap Hack Attempts . | . . . . . . . . . . . Triggered . | . . . . . . . . . . . Disarmed . | . . . . . . . . . . . Reprogrammed . | . . . . . . . . . . . Reused 1 | . . . . . 1 . . . . . Traps Extracted . | . . . . . . . . . . . Installed 2 | . . . . . 2 . . . . . Triggered 6 | . . . . . 1 4 . 1 . . Most Traps Carried 2 | . . 2 2 2 2 . . . . . Machines | -11 -10 -10 -10 -9 -8 -7 -7 -7 -7 -6 ---------- Run | Jun Mat Min Exi Min Mat Fac Low Low Dat Pro Machines Disabled 4 | . . . . . 4 . . . . . Max in Single Turn 2 | . . . . . 2 . . . . . Garrison Access 3 | . . . . . 1 2 . . . . Machines Repaired . | . . . . . . . . . . . Machines Sabotaged . | . . . . . . . . . . . Overloaded Fab Kills . | . . . . . . . . . . . Hacking | -11 -10 -10 -10 -9 -8 -7 -7 -7 -7 -6 --------- Run | Jun Mat Min Exi Min Mat Fac Low Low Dat Pro Machines Accessed 31 | . 4 1 1 1 5 15 . . 4 . Terminals 16 | . 4 . . 1 2 9 . . . . Fabricators 2 | . . . . . . 2 . . . . Repair Stations 2 | . . . . . 1 1 . . . . Recycling Units . | . . . . . . . . . . . Scanalyzers 2 | . . . . . 1 1 . . . . Garrison Access 3 | . . . . . 1 2 . . . . Total Hacks 112 | . 10 1 23 2 14 33 . . 29 . Successful 90 | . 7 1 23 1 11 18 . . 29 . Failed 22 | . 3 . . 1 3 15 . . . . Catastrophic 5 | . . . . 1 1 3 . . . . Database Lockouts . | . . . . . . . . . . . Manual 40 | . 8 . 1 2 9 20 . . . . Terminals 42 | . 10 . . 2 9 21 . . . . Fabricators 3 | . . . . . . 3 . . . . Repair Stations 4 | . . . . . 2 2 . . . . Recycling Units . | . . . . . . . . . . . Scanalyzers 5 | . . . . . 2 3 . . . . Garrison Access 5 | . . . . . 1 4 . . . . Terminal Hacks 60 | . 1 1 23 1 2 3 . . 29 . Record 35 | . . . 23 . . 1 . . 11 . Part Schematic 12 | . . . . 1 1 . . . 10 . Robot Schematic 5 | . . . . . . . . . 5 . Prototype ID Bank 3 | . . . . . . . . . 3 . Open Door 1 | . . 1 . . . . . . . . Branch Access Points 1 | . . . . . . 1 . . . . Terminal Index 3 | . 1 . . . 1 1 . . . . Fabricator Hacks 2 | . . . . . . 2 . . . . Load Schematic 1 | . . . . . . 1 . . . . Build 1 | . . . . . . 1 . . . . Repair Station Hacks 2 | . . . . . 2 . . . . . Scan Component 1 | . . . . . 1 . . . . . Repair 1 | . . . . . 1 . . . . . Recycling Unit Hacks . | . . . . . . . . . . . Scanalyzer 3 | . . . . . 2 1 . . . . Insert Component 2 | . . . . . 1 1 . . . . Analyze 1 | . . . . . 1 . . . . . Garrison Access Hacks 3 | . . . . . 1 2 . . . . Seal Access 3 | . . . . . 1 2 . . . . Unauthorized Hacks 20 | . 6 . . . 4 10 . . . . Terminals 20 | . 6 . . . 4 10 . . . . Track 2 | . 1 . . . 1 . . . . . Assimilate 3 | . . . . . . 3 . . . . Botnet 13 | . 4 . . . 2 7 . . . . Operators 2 | . 1 . . . 1 . . . . . Fabricators . | . . . . . . . . . . . Repair Stations . | . . . . . . . . . . . Recycling Units . | . . . . . . . . . . . Scanalyzers . | . . . . . . . . . . . Garrison Access . | . . . . . . . . . . . Data Cores Recovered 1 | . . . . . . 1 . . . . Used . | . . . . . . . . . . . Hacking Detections 22 | . 4 . . 1 3 14 . . . . Full Trace Events 1 | . . . . . . 1 . . . . Feedback Events . | . . . . . . . . . . . Feedback Blocked . | . . . . . . . . . . . Robot Schematics Acquired 5 | . . . . . . . . . 5 . Robots Built . | . . . . . . . . . . . Authchips . | . . . . . . . . . . . Time . | . . . . . . . . . . . Total Robot Build Rating . | . . . . . . . . . . . Part Schematics Acquired 13 | . . . . 1 2 . . . 10 . Parts Built 1 | . . . . . . 1 . . . . Authchips . | . . . . . . . . . . . Time 36 | . . . . . . 36 . . . . Total Part Build Rating 3 | . . . . . . 3 . . . . Parts Repaired 1 | . . . . . 1 . . . . . Time 26 | . . . . . 26 . . . . . Parts Recycled . | . . . . . . . . . . . Recycled Matter . | . . . . . . . . . . . Retrieved Matter . | . . . . . . . . . . . Retrieved Components . | . . . . . . . . . . . Parts Scanalyzed 2 | . . . . . 1 1 . . . . Part Schematics Acquired 1 | . . . . . 1 . . . . . Parts Damaged . | . . . . . . . . . . . Bothacking | -11 -10 -10 -10 -9 -8 -7 -7 -7 -7 -6 ------------ Run | Jun Mat Min Exi Min Mat Fac Low Low Dat Pro Used RIF Installer . | . . . . . . . . . . . Robots Hacked . | . . . . . . . . . . . Non-combat . | . . . . . . . . . . . Combat . | . . . . . . . . . . . Robot Hacks Applied . | . . . . . . . . . . . Relay Couplers Released . | . . . . . . . . . . . Fabnet Peak Effective % . | . . . . . . . . . . . Robots Rewired . | . . . . . . . . . . . Allies Hacked . | . . . . . . . . . . . Hacks Repelled . | . . . . . . . . . . . Allies | -11 -10 -10 -10 -9 -8 -7 -7 -7 -7 -6 -------- Run | Jun Mat Min Exi Min Mat Fac Low Low Dat Pro Total Allies 7 | . . 3 . 1 . 2 . . . 1 Largest Group 3 | . . 3 . 1 1 2 . . . 1 Highest-Rated Group 96 | . . 40 . 31 31 20 . . . 96 Highest-Rated Ally 96 | . . 16 . 31 31 10 . . . 96 Total Orders 5 | . . . . . . . 3 1 . 1 EXPLORE 4 | . . . . . . . 2 1 . 1 RETURN 1 | . . . . . . . 1 . . . Ally Attacks 27 | . . 21 . . 4 . . . . 2 Total Damage 411 | . . 225 . . 85 . . . . 101 Kills 3 | . . 3 . . . . . . . . Allies Corrupted . | . . . . . . . . . . . Allies Melted 2 | . . . . . 1 . . . . 1 Intel | -11 -10 -10 -10 -9 -8 -7 -7 -7 -7 -6 ------- Run | Jun Mat Min Exi Min Mat Fac Low Low Dat Pro Robot Analysis Total . | . . . . . . . . . . . Derelict Logs Recovered 6 | . . 1 . 1 . . 2 1 . 1 Drone Launches 21 | . . . . . . . 5 4 . 12 Drone Recoveries 10 | . . . . . . . 4 2 . 4 Exploration | -11 -10 -10 -10 -9 -8 -7 -7 -7 -7 -6 ------------- Run | Jun Mat Min Exi Min Mat Fac Low Low Dat Pro Turns Passed 9410 | 112 488 924 743 298 2526 2209 880 659 88 483 Spaces Moved 5154 | 57 342 716 626 229 985 1209 417 283 80 210 Core 31 | 6 . . . . 6 . . . . 19 Treads . | . . . . . . . . . . . Legs 827 | . . . . . 428 399 . . . . Wheels 2599 | 51 342 716 626 229 551 84 . . . . Hover 1660 | . . . . . . 726 417 283 80 154 Flight 37 | . . . . . . . . . . 37 Fastest Speed 50 | 50 80 95 95 125 95 108 108 111 111 50 Average Speed 142 | 83 85 104 114 125 159 147 198 221 111 160 Slowest Speed 550 | 100 95 110 125 125 550 400 410 410 111 515 Overloaded Moves . | . . . . . . . . . . . Propulsion Burnouts . | . . . . . . . . . . . Robots Hopped . | . . . . . . . . . . . Cave-ins Triggered . | . . . . . . . . . . . Exploration Rate (%) 59 | 4 56 97 88 53 59 28 88 72 68 42 Regions Visited 10 Branch Regions 7 Pre-discovered Areas 4 | . . 1 1 1 . . . . 1 . Known Exits Taken 2 | . . . . . . 1 1 . . . Unknown Exits Taken 8 | 1 1 1 1 1 1 . . 1 1 . Scrap Searched 10 | . . 2 . 2 . . 2 4 . . Spaces Dug 30 | . . . . . 8 22 . . . . Terrain Destroyed 77 | . . 4 . 9 42 22 . . . . Melee 30 | . . . . . 8 22 . . . . Projectile 17 | . . 4 . . 13 . . . . . AOE 30 | . . . . 9 21 . . . . . Terrain Rammed . | . . . . . . . . . . . Walls Destroyed . | . . . . . . . . . . . Machines Disabled . | . . . . . . . . . . . Actions | -11 -10 -10 -10 -9 -8 -7 -7 -7 -7 -6 --------- Run | Jun Mat Min Exi Min Mat Fac Low Low Dat Pro Total 6785 | 102 455 837 658 237 1794 1541 463 312 79 307 Wait 1033 | 11 10 66 . 4 657 195 16 24 . 50 Move 5144 | 56 341 715 625 228 984 1208 416 282 79 210 Hop . | . . . . . . . . . . . Pick Up 117 | 14 26 9 13 1 26 18 6 2 . 2 Fast Attach . | . . . . . . . . . . . Attach 68 | 6 8 2 7 . 17 16 4 2 . 6 Detach 4 | . . . . . . 1 1 . . 2 Swap 35 | 1 7 6 2 1 6 6 4 1 . 1 Drop 66 | 3 14 8 11 . 7 12 6 . . 5 Fire 140 | 11 49 31 . 3 46 . . . . . Melee 149 | . . . . . 49 59 10 1 . 30 Ram . | . . . . . . . . . . . Kick . | . . . . . . . . . . . Crush . | . . . . . . . . . . . Escape Stasis 26 | . . . . . . 26 . . . . Rewire 1 | . . . . . . . . . . 1 Trap 2 | . . . . . 2 . . . . . Miscellaneous . | . . . . . . . . . . . Route ------- -11/Junkyard -10/Materials (discovered 3 exits: [*Mat] / *Min x2) -10/Mines (discovered 3 exits: [*Mat x2] / *Exi) -10/Exiles (discovered 2 exits: *Min x2) -9/Mines -8/Materials (discovered 2 exits: *Fac / *Sto) -7/Factory (discovered 2 exits: *Low x2) -7/Lower Caves -7/Lower Caves -7/Data Miner -6/Proximity Caves (discovered 1 exit: Fac) History --------- Turn | Location | Event 35 | -11/Junkyard | Discovered new exit (range 14) 113 | -11/Junkyard | Entered Materials 113 | -10/Materials | Discovered new exit (range 15) 339 | -10/Materials | Build established: Mutant 472 | -10/Materials | Discovered new exit (range 15) 592 | -10/Materials | Discovered new exit (range 6) 601 | -10/Materials | Entered Mines 607 | -10/Mines | Discovered new exit (range 4) 614 | -10/Mines | Found the Drone Emporium 621 | -10/Mines | Found Prototype Device 647 | -10/Mines | Assisted by bots powering up and referring to "LRC-V3" 662 | -10/Mines | Met a Derelict bent on vengeance 762 | -10/Mines | Discovered new exit (range 5) 847 | -10/Mines | Found a hidden stash of uninstalled traps 850 | -10/Mines | Assembled infested the area 855 | -10/Mines | Assisted by a Guerilla fighting off Assembled 897 | -10/Mines | Core integrity fell below 50% 984 | -10/Mines | Destroyed 11 combat bots 1065 | -10/Mines | Received a Rocket Launcher from a helpful Derelict 1393 | -10/Mines | Deemed a non-threat by the Exiles lab entrance 1393 | -10/Mines | Discovered new exit (range 5) 1406 | -10/Mines | Learned location of Storage (-8) 1525 | -10/Mines | Entered Exiles 1542 | -10/Exiles | Discovered new exit (range 15) 1555 | -10/Exiles | Met 8R-AWN 1572 | -10/Exiles | Met EX-HEX 1617 | -10/Exiles | Met EX-DEC 1621 | -10/Exiles | Learned location of Zion (-6) 1641 | -10/Exiles | Met EX-BIN 1706 | -10/Exiles | Aligned with FarCom system 1707 | -10/Exiles | Given EX-Vault access code 1736 | -10/Exiles | Opened EX-Vault 1740 | -10/Exiles | Found Prototype Device 1741 | -10/Exiles | Identified Supersonic Drone Bay 1745 | -10/Exiles | Found Prototype Energy Gun 1746 | -10/Exiles | Identified AWS/Thermal 1749 | -10/Exiles | Found Prototype Energy Cannon 1750 | -10/Exiles | Identified Latent Energy Streamer 1800 | -10/Exiles | Warned to stay clear of 0b10 Research branches 1863 | -10/Exiles | Visited The Gauntlet 2032 | -10/Exiles | Identified Sensor Drone Bay 2254 | -10/Exiles | Discovered new exit (range 14) 2268 | -10/Exiles | Left Exiles lab with Latent Energy Streamer 2268 | -10/Exiles | Entered Mines 2343 | -9/Mines | A weapon hastily lodged in a ceiling crevice suddenly fell to the ground 2487 | -9/Mines | Discovered new exit (range 8) 2507 | -9/Mines | Received a Mining Laser from a helpful Derelict 2566 | -9/Mines | Entered Materials 2566 | -8/Materials | Accompanied by 1 ally 2566 | -8/Materials | Evolved 4 slots: Utility x4 2567 | -8/Materials | Identified exit to Storage 3382 | -8/Materials | Repaired Wheel 3763 | -8/Materials | Core integrity fell below 50% 3802 | -8/Materials | Lost 10 parts (2p3n5w) 3895 | -8/Materials | Core integrity fell below 20% 4013 | -8/Materials | Discovered new exit (range 10) 5092 | -8/Materials | Entered Factory 5092 | -7/Factory | Evolved 2 slots: Propulsion x1, Utility x1 6079 | -7/Factory | Fabricated Hacking Suite? 6553 | -7/Factory | Found Prototype Launcher 6554 | -7/Factory | Identified Rocket Array 6558 | -7/Factory | Found Rocket Array 7140 | -7/Factory | Identified exit to Lower Caves 7301 | -7/Factory | Entered Lower Caves 7309 | -7/Lower Caves | Attracted the attention of an 0b10 checkpoint 7462 | -7/Lower Caves | Learned location of 1 exit from Factory 7463 | -7/Lower Caves | Learned 4 Factory zone layouts 7682 | -7/Lower Caves | Lost 3 parts (2n1u) 7903 | -7/Lower Caves | Discovered new exit (range 55) 7905 | -7/Lower Caves | Identified exit to Lower Caves 8181 | -7/Lower Caves | Entered another Lower Caves area 8393 | -7/Lower Caves | Encountered a Warlord checkpoint 8820 | -7/Lower Caves | Discovered new exit (range 10) 8840 | -7/Lower Caves | Entered Data Miner 8840 | -7/Data Miner | Discovered new exit (range 6) 8862 | -7/Data Miner | Met Data Miner 8890 | -7/Data Miner | Learned location of Section 7 (-2) 8890 | -7/Data Miner | Acquired the access code to Warlord's prototype stash 8902 | -7/Data Miner | Received God Mode back door access code from Data Miner 8928 | -7/Data Miner | Entered Proximity Caves 8931 | -6/Proximity Caves | Spotter reported a threat 8931 | -6/Proximity Caves | Spotter reported a threat 8948 | -6/Proximity Caves | Escorted by Enhanced Grunt 8976 | -6/Proximity Caves | Spotted B-75 Beast 9137 | -6/Proximity Caves | Attracted the attention of an 0b10 checkpoint 9154 | -6/Proximity Caves | Spotter reported a threat 9188 | -6/Proximity Caves | Spotter reported a threat 9196 | -6/Proximity Caves | Lost 5 parts (1p2n2u) 9214 | -6/Proximity Caves | Core integrity fell below 50% 9232 | -6/Proximity Caves | Spotter reported a threat 9241 | -6/Proximity Caves | Spotter reported a threat 9269 | -6/Proximity Caves | Core integrity fell below 20% 9280 | -6/Proximity Caves | Identified exit to Factory 9295 | -6/Proximity Caves | Spotter reported a threat 9348 | -6/Proximity Caves | Spotter reported a threat 9404 | -6/Proximity Caves | Spotter reported a threat 9411 | -6/Proximity Caves | Destroyed by S-27 Virus with Autogun Last Messages --------------- 09269_ L-41 Fighter destroyed. 09276_ Carbon-fiber Leg fries itself beyond repair. 09280_ Acquired derelict log, extracted data. Loading 1 Proximity Caves exit... 09293_ N-01 Spotter is scanning... 09295_ N-01 Spotter sends a signal. 09295_ ALERT: Unidentified potential threat approaching Complex 0b10. 09311_ Acquired 14 matter. 09314_ O58Z| 8K =WZK3&9A>JVRFL77NJZ3RWKC&: 09348_ System corrupted: Matter fused (-5). 09348_ ALERT: Unidentified potential threat approaching Complex 0b10. 09375_ System corrupted: Heat flow error (+240). 09395_ System corrupted: Substantial component data lost. 09402_ Destroyed Hover Unit. 09402_ N-01 Spotter is scanning... 09404_ N-01 Spotter sends a signal. 09404_ ALERT: Unidentified potential threat approaching Complex 0b10. 09405_ Acquired 5 matter. 09409_ Dropped Lrg. Storage Unit. 09410_ Dropped VTOL Module. Map ----- +----------------------------------------------------+ | #????????????????????????????????????????????????? | | #????????????????????????????????????????????????? | | #????????????????????????????????????????????????? | | ?????????????????????????????????????????????????? | | ?????????????????????????????????????????????????? | | ?????????????????????????????????????????????????? | | ?????????????????????????????????????????????????? | | ?????????????????????????????????????????????????? | | ?????????????????????????????????????????????????? | | ?????????????????????????????????????????????????? | | ###??????????????????????????????????????????????? | | ##?????????????????????????????????????????????? | | #?????????????????????